Washington Capitals vs Boston Bruins

Created - jeudi 10 janvier 2019 at 19:00

Goals
1 2 3 OT1 SO T
Washington Capitals 0 0 1 0 0 1
Boston Bruins 0 0 1 0 1 2
Shots
1 2 3 OT1 SO T
Washington Capitals 6 8 14 1 3 29
Boston Bruins 4 5 16 1 2 26

1st period

No Goal

Penalties :
No Penalty

2nd period

No Goal

Penalties :
Charlie McAvoy (BOS) for Tripping (Minor) at 13:51

3rd period

1. Boston Bruins , Brad Marchand 17 (David Pastrnak 14, Tyler Seguin 27) at 10:55
2. Washington Capitals , Evgeny Kuznetsov 12 (Alex Ovechkin 19) at 11:37

Penalties :
No Penalty

Overtime #1

No Goal

Penalties :
No Penalty

Shootout

Washington Capitals, Alex Ovechkin - Stopped by Tuukka Rask
Boston Bruins, Riley Nash - Stopped by Braden Holtby
Washington Capitals, Justin Williams - Shot Misses the Net
Boston Bruins, Tyler Seguin - Goal!
Washington Capitals, Evgeny Kuznetsov - Shot Misses the Net

Penalties :
No Penalty

Goalie Stats

Braden Holtby (WSH), 25 saves from 26 shots - (0.962), OTL, 16-11-6, 65:00 minutes
Tuukka Rask (BOS), 28 saves from 29 shots - (0.966), W, 20-18-1, 65:00 minutes

Players Stats for Washington Capitals

Player Name              G  A  P  +/- PIM S  H  SB GA TA FO     MP     PP MP  PK MP  
------------------------------------------------------------------------------------
Alex Ovechkin            0  1  1   1  0   2  3  0  0  0  0/0    21:39   1:07   0:00 
Brett Connolly           0  0  0   0  0   1  2  0  1  0  0/0    14:31   0:00   0:00 
Dmitry Orlov             0  0  0   0  0   1  4  0  1  0  0/0    16:50   0:00   0:00 
Evgeny Kuznetsov         1  0  1   1  0   5  2  0  0  1  6/15   20:12   1:07   0:00 
Jakub Vrana              0  0  0   0  0   1  0  0  1  1  0/0    10:24   0:00   0:00 
Jason Demers             0  0  0   0  0   1  0  3  0  1  0/0    24:21   0:44   0:00 
Jay Beagle               0  0  0   0  0   0  2  0  0  0  7/13   15:04   0:00   0:00 
John Carlson             0  0  0   0  0   0  2  3  0  3  0/0    25:48   0:44   0:00 
Jordie Benn              0  0  0   0  0   1  2  0  1  0  0/0    19:13   0:00   0:00 
Jussi Jokinen            0  0  0   0  0   4  1  0  1  0  0/0    10:24   0:00   0:00 
Justin Williams          0  0  0   0  0   2  1  0  0  0  0/0    16:41   1:15   0:00 
Madison Bowey            0  0  0   0  0   0  3  0  0  0  0/0    16:00   0:00   0:00 
Matt Niskanen            0  0  0   0  0   0  0  0  0  1  0/0    19:52   1:15   0:00 
Nicklas Backstrom        0  0  0  -1  0   5  1  0  1  0  7/17   18:57   1:07   0:00 
Patrick Marleau          0  0  0   1  0   2  3  0  0  1  0/1    19:33   0:52   0:00 
Ryan Carpenter           0  0  0   0  0   0  1  0  0  0  7/10   10:24   0:00   0:00 
T.J. Oshie               0  0  0  -1  0   4  5  0  1  0  0/0    16:48   0:52   0:00 
Zach Parise              0  0  0  -1  0   0  3  0  1  0  1/1    18:19   0:52   0:00 

Players Stats for Boston Bruins

Player Name              G  A  P  +/- PIM S  H  SB GA TA FO     MP     PP MP  PK MP  
------------------------------------------------------------------------------------
Adam McQuaid             0  0  0   0  0   0  0  0  0  0  0/0     1:06   0:00   1:06 
Brad Marchand            1  0  1   1  0   6  5  1  2  0  2/3    25:03   0:00   0:10 
Brandon Carlo            0  0  0   0  0   0  0  2  0  1  0/0    18:15   0:00   0:53 
Charlie McAvoy           0  0  0   1  2   0  4  0  1  0  0/0    23:11   0:00   0:00 
David Pastrnak           0  1  1   1  0   2  4  0  1  0  0/1    19:47   0:00   0:00 
Derek MacKenzie          0  0  0   0  0   1  1  0  0  0  3/5     9:33   0:00   0:59 
Joe Pavelski             0  0  0   0  0   0  3  0  0  2  0/0    19:51   0:00   0:00 
Jonathan Marchessault    0  0  0   0  0   3  1  0  0  0  0/0    19:22   0:00   0:00 
Kevan Miller             0  0  0   1  0   1  2  2  0  1  0/0    20:53   0:00   0:00 
Niklas Hjalmarsson       0  0  0  -1  0   0  0  3  0  1  0/0    22:16   0:00   0:53 
Riley Nash               0  0  0  -1  0   0  0  0  0  1  3/5    16:15   0:00   0:59 
Ryan Donato              0  0  0  -1  0   3  2  0  0  0  0/0    14:11   0:00   0:00 
Ryan O'Reilly            0  0  0   0  0   3  4  0  1  0  4/12   20:30   0:00   0:50 
Ryan Spooner             0  0  0  -1  0   1  0  0  1  0  2/3    15:03   0:00   0:00 
Tim Schaller             0  0  0   0  0   0  1  0  1  0  0/1     8:22   0:00   0:50 
Torey Krug               0  0  0  -1  0   2  2  1  0  2  0/0    23:18   0:00   1:06 
Tyler Seguin             0  1  1   1  0   4  2  1  1  0  15/27  20:02   0:00   0:10 
Will Butcher             0  0  0   0  0   0  0  0  0  0  0/0    16:02   0:00   0:00 

3 Stars

1 - Brad Marchand (BOS)
2 - Tuukka Rask (BOS)
3 - Braden Holtby (WSH)

Power Play

Washington Capitals - 0 on 1 Attempt(s) - 0.00%
Boston Bruins - 0 on 0 Attempt(s) - 0.00%

Penalty Kill

Washington Capitals - 0 on 0 Attempt(s) - 0.00% - Score 0 goal in Penalty Kill
Boston Bruins - 1 on 1 Attempt(s) - 100.00% - Score 0 goal in Penalty Kill

Team Stat

Washington Capitals - Hits : 35 - Faceoff Wins : 28 - Blocked Shots : 6 - Penalty Minutes : 0
Boston Bruins - Hits : 31 - Faceoff Wins : 29 - Blocked Shots : 10 - Penalty Minutes : 2

Official

Referees : Graham Skilliter and Dean Morton
Linesman : Vaughan Rody and Ryan Daisy

Game Notes

No Game Note

Finance

Level 1 -- Attendance: 10000 (100.00%) -- Ticket Income fr. 800'000
Level 2 -- Attendance: 1703 (85.15%) -- Ticket Income fr. 119'210
Level 3 -- Attendance: 3500 (100.00%) -- Ticket Income fr. 119'000
Level 4 -- Attendance: 1213 (83.66%) -- Ticket Income fr. 27'899
Luxury Box -- Attendance: 40 (80.00%) -- Ticket Income fr. 8'920
Game was played at the TD Garden.
Total Attendance: 16456 (96.80%)
Total Ticket Income: fr. 1'075'029
Total Income: fr. 1'075'029

Washington Capitals

5 vs 5 Forward 
   Center                   Left Wing                Right Wing               Time % Phy DF OF 
 1 Evgeny Kuznetsov         Alex Ovechkin            Patrick Marleau          30     1   1  3  
 2 Nicklas Backstrom        Zach Parise              T.J. Oshie               30     1   1  3  
 3 Jay Beagle               Brett Connolly           Justin Williams          23     1   1  3  
 4 Ryan Carpenter           Jakub Vrana              Jussi Jokinen            17     2   2  1  

5 vs 5 Defense 
   Defense                  Defense                                           Time % Phy DF OF 
 1 John Carlson             Jason Demers                                      35     1   3  1  
 2 Matt Niskanen            Jordie Benn                                       33     1   3  1  
 3 Dmitry Orlov             Madison Bowey                                     25     1   3  1  
 4 John Carlson             Jason Demers                                      7      1   3  1  

PowerPlay Forward 
   Center                   Left Wing                Right Wing               Time % Phy DF OF 
 1 Nicklas Backstrom        Alex Ovechkin            Evgeny Kuznetsov         50     0   0  5  
 2 Patrick Marleau          Zach Parise              T.J. Oshie               50     0   0  5  

PowerPlay Defense
   Defense                  Defense                                           Time % Phy DF OF 
 1 John Carlson             Jason Demers                                      50     0   1  4  
 2 Matt Niskanen            Justin Williams                                   50     0   1  4  

Penalty Kill 4 Players Forward 
   Center                   Wing                     Time % Phy DF OF 
 1 Jay Beagle               Justin Williams          50     0   4  1  
 2 Alex Ovechkin            Jussi Jokinen            50     0   4  1  

Penalty Kill 4 Players Defense
   Defense                  Defense                  Time % Phy DF OF 
 1 Matt Niskanen            Dmitry Orlov             50     1   3  1  
 2 John Carlson             Jordie Benn              50     1   3  1  

Penalty Kill - 3 Players Forward 
   Forward                                           Time % Phy DF OF 
 1 Jay Beagle                                        50     1   4  0  
 2 Alex Ovechkin                                     50     1   4  0  

Penalty Kill - 3 Players Defense
   Defense                  Defense                  Time % Phy DF OF 
 1 Matt Niskanen            Dmitry Orlov             50     1   4  0  
 2 John Carlson             Jason Demers             50     1   4  0  

4 vs 4 Forward 
   Center                   Wing                     Time % Phy DF OF 
 1 Nicklas Backstrom        Alex Ovechkin            50     0   1  4  
 2 Evgeny Kuznetsov         Patrick Marleau          50     0   1  4  

4 vs 4 Defense
   Defense                  Defense                  Time % Phy DF OF 
 1 John Carlson             Dmitry Orlov             50     1   3  1  
 2 Matt Niskanen            Madison Bowey            50     1   3  1  

Last Minutes Offensive
   Center                   Left Wing                Right Wing               Defense                  Defense                  
   Evgeny Kuznetsov         Alex Ovechkin            T.J. Oshie               Zach Parise              John Carlson             

Last Minutes Defensive
   Center                   Left Wing                Right Wing               Defense                  Defense                  
   Jay Beagle               Justin Williams          Ryan Carpenter           Dmitry Orlov             John Carlson             

Goaltenders
Starting : Braden Holtby            
Backup : Philipp Grubauer         

Extra Forwards
Normal : Alex Ovechkin, Justin Williams, Nicklas Backstrom - PP : Nicklas Backstrom, Alex Ovechkin - PK : Alex Ovechkin
Extra Defensemen
Normal : Jason Demers, Dmitry Orlov, John Carlson - PP : Jordie Benn - PK : Jason Demers, John Carlson
Penalty Shots
Alex Ovechkin, Justin Williams, Evgeny Kuznetsov, Nicklas Backstrom, Jay Beagle
Custom OT Lines Forwards
Nicklas Backstrom, Alex Ovechkin, Evgeny Kuznetsov, Zach Parise, Patrick Marleau, Justin Williams, Jay Beagle, Brett Connolly, T.J. Oshie, Jakub Vrana
Custom OT Lines Defensemen
John Carlson, Jason Demers, Dmitry Orlov, Jordie Benn, Madison Bowey

Scratches
Chandler Stephenson (Healthy)

Boston Bruins

5 vs 5 Forward 
   Center                   Left Wing                Right Wing               Time % Phy DF OF 
 1 Tyler Seguin             Brad Marchand            David Pastrnak           33     0   2  3  
 2 Ryan O'Reilly            Jonathan Marchessault    Joe Pavelski             31     0   2  3  
 3 Riley Nash               Ryan Donato              Ryan Spooner             23     1   2  2  
 4 Derek MacKenzie          Brad Marchand            Tim Schaller             13     1   3  1  

5 vs 5 Defense 
   Defense                  Defense                                           Time % Phy DF OF 
 1 Charlie McAvoy           Kevan Miller                                      38     1   2  2  
 2 Torey Krug               Niklas Hjalmarsson                                37     1   2  2  
 3 Will Butcher             Brandon Carlo                                     25     1   2  2  
 4 Charlie McAvoy           Torey Krug                                        0      1   2  2  

PowerPlay Forward 
   Center                   Left Wing                Right Wing               Time % Phy DF OF 
 1 Tyler Seguin             Brad Marchand            David Pastrnak           50     1   1  3  
 2 Ryan O'Reilly            Jonathan Marchessault    Joe Pavelski             50     1   1  3  

PowerPlay Defense
   Defense                  Defense                                           Time % Phy DF OF 
 1 Charlie McAvoy           Torey Krug                                        60     1   1  3  
 2 Will Butcher             Niklas Hjalmarsson                                40     1   1  3  

Penalty Kill 4 Players Forward 
   Center                   Wing                     Time % Phy DF OF 
 1 Derek MacKenzie          Riley Nash               55     1   3  1  
 2 Ryan O'Reilly            Tim Schaller             45     1   3  1  

Penalty Kill 4 Players Defense
   Defense                  Defense                  Time % Phy DF OF 
 1 Torey Krug               Charlie McAvoy           50     1   3  1  
 2 Niklas Hjalmarsson       Brandon Carlo            50     1   3  1  

Penalty Kill - 3 Players Forward 
   Forward                                           Time % Phy DF OF 
 1 Derek MacKenzie                                   50     1   4  0  
 2 Riley Nash                                        50     1   4  0  

Penalty Kill - 3 Players Defense
   Defense                  Defense                  Time % Phy DF OF 
 1 Will Butcher             Brandon Carlo            50     1   2  2  
 2 Charlie McAvoy           Niklas Hjalmarsson       50     1   2  2  

4 vs 4 Forward 
   Center                   Wing                     Time % Phy DF OF 
 1 Tyler Seguin             Brad Marchand            50     1   1  3  
 2 Joe Pavelski             David Pastrnak           50     1   1  3  

4 vs 4 Defense
   Defense                  Defense                  Time % Phy DF OF 
 1 Charlie McAvoy           Torey Krug               50     1   2  2  
 2 Brandon Carlo            Will Butcher             50     1   2  2  

Last Minutes Offensive
   Center                   Left Wing                Right Wing               Defense                  Defense                  
   Tyler Seguin             Brad Marchand            David Pastrnak           Charlie McAvoy           Torey Krug               

Last Minutes Defensive
   Center                   Left Wing                Right Wing               Defense                  Defense                  
   Ryan O'Reilly            Derek MacKenzie          Riley Nash               Kevan Miller             Niklas Hjalmarsson       

Goaltenders
Starting : Tuukka Rask              
Backup : Aaron Dell               

Extra Forwards
Normal : David Pastrnak, Ryan Spooner, Tyler Seguin - PP : Riley Nash, Ryan Spooner - PK : Tyler Seguin
Extra Defensemen
Normal : Will Butcher, Brandon Carlo, Charlie McAvoy - PP : Will Butcher - PK : Brandon Carlo, Charlie McAvoy
Penalty Shots
Riley Nash, Tyler Seguin, Ryan O'Reilly, Joe Pavelski, David Pastrnak
Custom OT Lines Forwards
Brad Marchand, Tyler Seguin, Ryan O'Reilly, Joe Pavelski, David Pastrnak, Jonathan Marchessault, Riley Nash, Ryan Spooner, Tim Schaller, Derek MacKenzie
Custom OT Lines Defensemen
Charlie McAvoy, Torey Krug, Brandon Carlo, Niklas Hjalmarsson, Will Butcher

Scratches
Antoine Roussel (Healthy), Noel Acciari (Healthy), Austin Czarnik (Healthy)

% Time on Ice - Washington Capitals

Lines # - Real PCT - Wanted PCT - Time Play
Normal Forward
1 - 31% - 30% - 17:45
2 - 27% - 30% - 15:56
3 - 24% - 23% - 13:56
4 - 18% - 17% - 10:24
Normal Defense
1 - 33% - 35% - 19:26
2 - 32% - 33% - 18:37
3 - 27% - 25% - 15:34
4 - 8% - 7% - 4:24
PP Forward
1 - 56% - 50% - 1:07
2 - 44% - 50% - 0:52
PP Defense
1 - 37% - 50% - 0:44
2 - 63% - 50% - 1:15
PK Forward
1 - 0% - 50%
2 - 0% - 50%
PK Defense
1 - 0% - 50%
2 - 0% - 50%
PK3 Forward
1 - 0% - 50%
2 - 0% - 50%
PK3 Defense
1 - 0% - 50%
2 - 0% - 50%
44 Forward
1 - 0% - 50%
2 - 0% - 50%
44 Defense
1 - 0% - 50%
2 - 0% - 50%
Last Minute Offensive  - 0:00
Last Minute Defensive  - 0:00
Total
Forward - 60:00
Defense - 60:00

% Time on Ice - Boston Bruins

Lines # - Real PCT - Wanted PCT - Time Play
Normal Forward
1 - 31% - 33% - 18:12
2 - 31% - 31% - 18:06
3 - 24% - 23% - 14:11
4 - 13% - 13% - 7:32
Normal Defense
1 - 36% - 38% - 20:53
2 - 37% - 37% - 21:16
3 - 27% - 25% - 15:33
4 - 1% - 0% - 0:19
PP Forward
1 - 0% - 50%
2 - 0% - 50%
PP Defense
1 - 0% - 60%
2 - 0% - 40%
PK Forward
1 - 58% - 55% - 1:09
2 - 42% - 45% - 0:50
PK Defense
1 - 55% - 50% - 1:06
2 - 45% - 50% - 0:53
PK3 Forward
1 - 0% - 50%
2 - 0% - 50%
PK3 Defense
1 - 0% - 50%
2 - 0% - 50%
44 Forward
1 - 0% - 50%
2 - 0% - 50%
44 Defense
1 - 0% - 50%
2 - 0% - 50%
Last Minute Offensive  - 0:00
Last Minute Defensive  - 0:00
Total
Forward - 60:00
Defense - 60:00

Play-by-Play

1st period


0:01 of 1st period - Evgeny Kuznetsov wins face-off versus Tyler Seguin in neutral zone.
0:12 of 1st period - Wrist shot by Tyler Seguin.
0:12 of 1st period - Shot Blocked by John Carlson.
0:14 of 1st period - Slapshot by Kevan Miller.
0:14 of 1st period - Shot Misses the Net.
0:16 of 1st period - Snap shot by Brad Marchand.
0:16 of 1st period - Shot Blocked by Jason Demers.
0:26 of 1st period - Kevan Miller is hit by Nicklas Backstrom and loses puck.
0:49 of 1st period - Riley Nash is hit by Brett Connolly.
0:50 of 1st period - Icing by Riley Nash.
0:51 of 1st period - Jay Beagle wins face-off versus Riley Nash in Boston Bruins zone.
1:05 of 1st period - Icing by Riley Nash.
1:06 of 1st period - Ryan Carpenter wins face-off versus Ryan Spooner in Boston Bruins zone.
1:21 of 1st period - Snap shot by Riley Nash.
1:21 of 1st period - Deflect By Ryan Donato.
1:21 of 1st period - Stopped by Braden Holtby without a rebound.
1:22 of 1st period - Nicklas Backstrom wins face-off versus Derek MacKenzie in Washington Capitals zone.
3:11 of 1st period - Wrist shot by Jakub Vrana.
3:11 of 1st period - Stopped by Tuukka Rask with a rebound.
3:23 of 1st period - Wrist shot by Alex Ovechkin.
3:23 of 1st period - Shot Blocked by Niklas Hjalmarsson.
3:25 of 1st period - Slapshot by Patrick Marleau.
3:25 of 1st period - Shot Blocked by Niklas Hjalmarsson.
3:27 of 1st period - Slapshot by Jordie Benn.
3:27 of 1st period - Shot Misses the Net.
3:29 of 1st period - Slapshot by Jordie Benn.
3:29 of 1st period - Shot Misses the Net.
3:31 of 1st period - Snap shot by Alex Ovechkin.
3:31 of 1st period - Shot Misses the Net.
3:33 of 1st period - Snap shot by Evgeny Kuznetsov.
3:33 of 1st period - Stopped by Tuukka Rask without a rebound.
3:34 of 1st period - Tyler Seguin wins face-off versus Nicklas Backstrom in Boston Bruins zone.
3:41 of 1st period - Snap shot by Tyler Seguin.
3:41 of 1st period - Shot Misses the Net.
3:43 of 1st period - Slapshot by Brad Marchand.
3:43 of 1st period - Shot Misses the Net.
3:47 of 1st period - Snap shot by Tyler Seguin.
3:47 of 1st period - Shot Misses the Net.
3:57 of 1st period - Jonathan Marchessault is hit by Jay Beagle and loses puck.
5:01 of 1st period - Slapshot by Jonathan Marchessault.
5:01 of 1st period - Stopped by Braden Holtby without a rebound.
5:02 of 1st period - Tyler Seguin wins face-off versus Evgeny Kuznetsov in Washington Capitals zone.
5:27 of 1st period - Ryan Spooner is hit by Madison Bowey and loses puck.
5:35 of 1st period - Off-side.
5:36 of 1st period - Tyler Seguin wins face-off versus Nicklas Backstrom in neutral zone.
5:44 of 1st period - Icing by Torey Krug.
5:45 of 1st period - Nicklas Backstrom wins face-off versus Tyler Seguin in Boston Bruins zone.
6:00 of 1st period - Snap shot by Tyler Seguin.
6:00 of 1st period - Deflect By Brad Marchand.
6:00 of 1st period - Stopped by Braden Holtby with a rebound.
6:02 of 1st period - Snap shot by Brad Marchand.
6:02 of 1st period - Deflect By David Pastrnak.
6:02 of 1st period - Shot Misses the Net.
6:02 of 1st period - Puck is out of play.
6:03 of 1st period - Riley Nash wins face-off versus Evgeny Kuznetsov in Washington Capitals zone.
7:06 of 1st period - Dmitry Orlov is hit by Brad Marchand and loses puck.
7:23 of 1st period - Will Butcher is hit by Evgeny Kuznetsov and loses puck.
7:30 of 1st period - Evgeny Kuznetsov is hit by Ryan Donato and loses puck.
7:50 of 1st period - Wrist shot by Justin Williams.
7:50 of 1st period - Stopped by Tuukka Rask without a rebound.
7:51 of 1st period - Ryan Carpenter wins face-off versus Ryan O'Reilly in Boston Bruins zone.
7:58 of 1st period - Jussi Jokinen is hit by Jonathan Marchessault and loses puck.
9:14 of 1st period - Wrist shot by Jakub Vrana.
9:14 of 1st period - Deflect By Jussi Jokinen.
9:14 of 1st period - Stopped by Tuukka Rask with a rebound.
9:51 of 1st period - Snap shot by T.J. Oshie.
9:51 of 1st period - Stopped by Tuukka Rask without a rebound.
9:52 of 1st period - Ryan Spooner wins face-off versus Jay Beagle in Boston Bruins zone.
10:01 of 1st period - Snap shot by Riley Nash.
10:01 of 1st period - Shot Misses the Net.
10:03 of 1st period - Snap shot by Riley Nash.
10:03 of 1st period - Shot Misses the Net.
10:05 of 1st period - Slapshot by Niklas Hjalmarsson.
10:05 of 1st period - Shot Misses the Net.
10:19 of 1st period - Snap shot by Alex Ovechkin.
10:19 of 1st period - Deflect By Evgeny Kuznetsov.
10:19 of 1st period - Shot Blocked by Niklas Hjalmarsson.
10:19 of 1st period - Puck is out of play.
10:20 of 1st period - Tyler Seguin wins face-off versus Evgeny Kuznetsov in Boston Bruins zone.
10:58 of 1st period - Snap shot by Tyler Seguin.
10:58 of 1st period - Shot Misses the Net.
11:34 of 1st period - Snap shot by Evgeny Kuznetsov.
11:34 of 1st period - Deflect By Alex Ovechkin.
11:34 of 1st period - Shot Misses the Net.
11:34 of 1st period - Puck is out of play.
11:35 of 1st period - Nicklas Backstrom wins face-off versus Ryan O'Reilly in Boston Bruins zone.
12:00 of 1st period - Riley Nash is hit by Dmitry Orlov and loses puck.
12:19 of 1st period - Slapshot by Torey Krug.
12:19 of 1st period - Deflect By Matt Niskanen.
12:19 of 1st period - Stopped by Braden Holtby without a rebound.
12:20 of 1st period - Ryan Carpenter wins face-off versus Ryan O'Reilly in Washington Capitals zone.
12:47 of 1st period - Riley Nash is hit by T.J. Oshie.
12:57 of 1st period - Nicklas Backstrom is hit by Charlie McAvoy and loses puck.
13:11 of 1st period - Off-side.
13:12 of 1st period - Derek MacKenzie wins face-off versus Jay Beagle in neutral zone.
13:41 of 1st period - Snap shot by Nicklas Backstrom.
13:41 of 1st period - Stopped by Tuukka Rask without a rebound.
13:42 of 1st period - Riley Nash wins face-off versus Jay Beagle in Boston Bruins zone.
14:28 of 1st period - Torey Krug is hit by Ryan Carpenter and loses puck.
16:32 of 1st period - Evgeny Kuznetsov is hit by Brad Marchand.
16:36 of 1st period - Matt Niskanen is hit by Brad Marchand and loses puck.
17:04 of 1st period - John Carlson is hit by Ryan O'Reilly and loses puck.
17:21 of 1st period - Slapshot by Jonathan Marchessault.
17:21 of 1st period - Shot Misses the Net.
17:40 of 1st period - Snap shot by Riley Nash.
17:40 of 1st period - Shot Misses the Net.
18:08 of 1st period - Snap shot by Joe Pavelski.
18:08 of 1st period - Shot Misses the Net.
19:07 of 1st period - Niklas Hjalmarsson is hit by Zach Parise and loses puck.
19:39 of 1st period - Jay Beagle is hit by David Pastrnak and loses puck.
Goals for this period are 0 for Washington Capitals vs 0 for Boston Bruins.
Shots for this period are 6 for Washington Capitals vs 4 for Boston Bruins.

2nd period


0:01 of 2nd period - Brad Marchand wins face-off versus Evgeny Kuznetsov in neutral zone.
0:04 of 2nd period - Snap shot by Tyler Seguin.
0:04 of 2nd period - Shot Blocked by John Carlson.
1:12 of 2nd period - Snap shot by Jussi Jokinen.
1:12 of 2nd period - Stopped by Tuukka Rask without a rebound.
1:13 of 2nd period - Derek MacKenzie wins face-off versus Ryan Carpenter in Boston Bruins zone.
1:18 of 2nd period - Slapshot by Torey Krug.
1:18 of 2nd period - Stopped by Braden Holtby without a rebound.
1:19 of 2nd period - Ryan Carpenter wins face-off versus Tyler Seguin in Washington Capitals zone.
1:19 of 2nd period - Ryan Carpenter is hit by David Pastrnak.
1:31 of 2nd period - Backhand shot by Brad Marchand.
1:31 of 2nd period - Shot Misses the Net.
1:33 of 2nd period - Snap shot by David Pastrnak.
1:33 of 2nd period - Shot Misses the Net.
1:35 of 2nd period - Wrist shot by Tyler Seguin.
1:35 of 2nd period - Stopped by Braden Holtby without a rebound.
1:36 of 2nd period - Ryan O'Reilly wins face-off versus Evgeny Kuznetsov in Washington Capitals zone.
2:10 of 2nd period - Slapshot by Brad Marchand.
2:10 of 2nd period - Shot Misses the Net.
2:26 of 2nd period - Snap shot by Ryan Donato.
2:26 of 2nd period - Stopped by Braden Holtby with a rebound.
2:50 of 2nd period - Slapshot by John Carlson.
2:50 of 2nd period - Shot Blocked by Torey Krug.
4:13 of 2nd period - Jakub Vrana is hit by Brad Marchand and loses puck.
4:58 of 2nd period - Snap shot by Ryan O'Reilly.
4:58 of 2nd period - Stopped by Braden Holtby with a rebound.
5:20 of 2nd period - Snap shot by Brett Connolly.
5:20 of 2nd period - Shot Misses the Net.
6:26 of 2nd period - Ryan O'Reilly is hit by Zach Parise.
6:50 of 2nd period - Brandon Carlo is hit by T.J. Oshie.
7:22 of 2nd period - Off-side.
7:23 of 2nd period - Evgeny Kuznetsov wins face-off versus Tyler Seguin in neutral zone.
7:26 of 2nd period - Kevan Miller is hit by Dmitry Orlov and loses puck.
8:05 of 2nd period - Icing by Jordie Benn.
8:06 of 2nd period - Nicklas Backstrom wins face-off versus Ryan O'Reilly in Washington Capitals zone.
8:31 of 2nd period - Matt Niskanen is hit by Tyler Seguin and loses puck.
8:55 of 2nd period - Alex Ovechkin is hit by Ryan Donato and loses puck.
9:14 of 2nd period - John Carlson is hit by Kevan Miller and loses puck.
9:33 of 2nd period - Wrist shot by Justin Williams.
9:33 of 2nd period - Deflect By Jay Beagle.
9:33 of 2nd period - Shot Blocked by Brandon Carlo.
9:33 of 2nd period - Puck is out of play.
9:34 of 2nd period - Ryan O'Reilly wins face-off versus Nicklas Backstrom in Boston Bruins zone.
9:59 of 2nd period - Torey Krug is hit by Alex Ovechkin and loses puck.
10:20 of 2nd period - Off-side.
10:21 of 2nd period - Jay Beagle wins face-off versus David Pastrnak in neutral zone.
10:46 of 2nd period - Nicklas Backstrom is hit by Ryan O'Reilly and loses puck.
10:55 of 2nd period - Wrist shot by Ryan O'Reilly.
10:55 of 2nd period - Shot Misses the Net.
11:11 of 2nd period - Torey Krug is hit by Patrick Marleau and loses puck.
11:16 of 2nd period - Slapshot by Evgeny Kuznetsov.
11:16 of 2nd period - Shot Misses the Net.
11:22 of 2nd period - Snap shot by Evgeny Kuznetsov.
11:22 of 2nd period - Stopped by Tuukka Rask without a rebound.
11:23 of 2nd period - Tyler Seguin wins face-off versus Jay Beagle in Boston Bruins zone.
11:23 of 2nd period - Tyler Seguin is hit by Brett Connolly.
11:28 of 2nd period - Off-side.
11:29 of 2nd period - Jay Beagle wins face-off versus Tyler Seguin in neutral zone.
11:32 of 2nd period - Slapshot by John Carlson.
11:32 of 2nd period - Shot Blocked by Tyler Seguin.
11:34 of 2nd period - Snap shot by Jason Demers.
11:34 of 2nd period - Stopped by Tuukka Rask with a rebound.
11:36 of 2nd period - Snap shot by Justin Williams.
11:36 of 2nd period - Deflect By Brett Connolly.
11:36 of 2nd period - Shot Misses the Net.
11:36 of 2nd period - Puck is out of play.
11:37 of 2nd period - Tyler Seguin wins face-off versus Patrick Marleau in Boston Bruins zone.
12:02 of 2nd period - Jonathan Marchessault is hit by T.J. Oshie and loses puck.
12:29 of 2nd period - Wrist shot by Brett Connolly.
12:29 of 2nd period - Stopped by Tuukka Rask without a rebound.
12:30 of 2nd period - Tyler Seguin wins face-off versus Jay Beagle in Boston Bruins zone.
12:42 of 2nd period - Snap shot by Justin Williams.
12:42 of 2nd period - Shot Misses the Net.
13:08 of 2nd period - Slapshot by Ryan Spooner.
13:08 of 2nd period - Stopped by Braden Holtby without a rebound.
13:09 of 2nd period - Evgeny Kuznetsov wins face-off versus Tyler Seguin in Washington Capitals zone.
13:09 of 2nd period - Evgeny Kuznetsov is hit by Tyler Seguin.
13:19 of 2nd period - Snap shot by Alex Ovechkin.
13:19 of 2nd period - Stopped by Tuukka Rask with a rebound.
13:51 of 2nd period - Minor Penalty to Charlie McAvoy for Tripping.
13:52 of 2nd period - Derek MacKenzie wins face-off versus Nicklas Backstrom in Boston Bruins zone.
14:19 of 2nd period - Matt Niskanen is hit by Tim Schaller.
14:25 of 2nd period - Snap shot by Patrick Marleau.
14:25 of 2nd period - Stopped by Tuukka Rask with a rebound.
15:26 of 2nd period - Tim Schaller is hit by Zach Parise and loses puck.
15:40 of 2nd period - Icing by Evgeny Kuznetsov.
15:41 of 2nd period - Nicklas Backstrom wins face-off versus Ryan O'Reilly in Washington Capitals zone.
15:51 of 2nd period - Penalty to Charlie McAvoy is over, Charlie McAvoy is back on ice.
17:30 of 2nd period - Jason Demers is hit by Torey Krug and loses puck.
17:58 of 2nd period - Will Butcher is hit by Madison Bowey and loses puck.
18:44 of 2nd period - Ryan Spooner is hit by Jussi Jokinen and loses puck.
18:57 of 2nd period - Nicklas Backstrom is hit by Derek MacKenzie and loses puck.
19:12 of 2nd period - Evgeny Kuznetsov is hit by Joe Pavelski and loses puck.
19:26 of 2nd period - Off-side.
19:27 of 2nd period - Ryan Carpenter wins face-off versus Tyler Seguin in neutral zone.
19:38 of 2nd period - Slapshot by Jussi Jokinen.
19:38 of 2nd period - Stopped by Tuukka Rask without a rebound.
19:39 of 2nd period - Ryan O'Reilly wins face-off versus Evgeny Kuznetsov in Boston Bruins zone.
19:46 of 2nd period - Wrist shot by Alex Ovechkin.
19:46 of 2nd period - Stopped by Tuukka Rask with a rebound.
19:52 of 2nd period - Torey Krug is hit by Patrick Marleau and loses puck.
Goals for this period are 0 for Washington Capitals vs 0 for Boston Bruins.
Shots for this period are 8 for Washington Capitals vs 5 for Boston Bruins.

3rd period


0:01 of 3rd period - Tyler Seguin wins face-off versus Nicklas Backstrom in neutral zone.
0:04 of 3rd period - Snap shot by Tyler Seguin.
0:04 of 3rd period - Shot Hit the Post.
0:06 of 3rd period - Slapshot by David Pastrnak.
0:06 of 3rd period - Shot Misses the Net.
0:08 of 3rd period - Wrist shot by David Pastrnak.
0:08 of 3rd period - Shot Misses the Net.
0:10 of 3rd period - Snap shot by Brad Marchand.
0:10 of 3rd period - Stopped by Braden Holtby with a rebound.
0:12 of 3rd period - Slapshot by Torey Krug.
0:12 of 3rd period - Deflect By Brad Marchand.
0:12 of 3rd period - Stopped by Braden Holtby without a rebound.
0:13 of 3rd period - Tyler Seguin wins face-off versus Evgeny Kuznetsov in Washington Capitals zone.
1:05 of 3rd period - Riley Nash is hit by T.J. Oshie and loses puck.
1:10 of 3rd period - Wrist shot by T.J. Oshie.
1:10 of 3rd period - Stopped by Tuukka Rask with a rebound.
1:12 of 3rd period - Snap shot by T.J. Oshie.
1:12 of 3rd period - Shot Misses the Net.
1:14 of 3rd period - Snap shot by Nicklas Backstrom.
1:14 of 3rd period - Stopped by Tuukka Rask with a rebound.
1:16 of 3rd period - Snap shot by Dmitry Orlov.
1:16 of 3rd period - Shot Blocked by Kevan Miller.
1:18 of 3rd period - Slapshot by Nicklas Backstrom.
1:18 of 3rd period - Stopped by Tuukka Rask with a rebound.
1:20 of 3rd period - Snap shot by Dmitry Orlov.
1:20 of 3rd period - Stopped by Tuukka Rask with a rebound.
1:22 of 3rd period - Slapshot by T.J. Oshie.
1:22 of 3rd period - Stopped by Tuukka Rask without a rebound.
1:23 of 3rd period - Tyler Seguin wins face-off versus Evgeny Kuznetsov in Boston Bruins zone.
1:34 of 3rd period - Slapshot by Brad Marchand.
1:34 of 3rd period - Stopped by Braden Holtby with a rebound.
1:36 of 3rd period - Slapshot by David Pastrnak.
1:36 of 3rd period - Stopped by Braden Holtby without a rebound.
1:37 of 3rd period - Tyler Seguin wins face-off versus Jay Beagle in Washington Capitals zone.
1:44 of 3rd period - Justin Williams is hit by David Pastrnak and loses puck.
2:19 of 3rd period - Torey Krug is hit by Alex Ovechkin and loses puck.
3:20 of 3rd period - Jonathan Marchessault is hit by John Carlson and loses puck.
3:29 of 3rd period - Snap shot by Jonathan Marchessault.
3:29 of 3rd period - Stopped by Braden Holtby with a rebound.
3:31 of 3rd period - Wrist shot by Ryan O'Reilly.
3:31 of 3rd period - Shot Misses the Net.
3:37 of 3rd period - Snap shot by Jonathan Marchessault.
3:37 of 3rd period - Shot Blocked by John Carlson.
3:39 of 3rd period - Slapshot by Jonathan Marchessault.
3:39 of 3rd period - Stopped by Braden Holtby without a rebound.
3:40 of 3rd period - Nicklas Backstrom wins face-off versus Tyler Seguin in Washington Capitals zone.
3:55 of 3rd period - Snap shot by Nicklas Backstrom.
3:55 of 3rd period - Shot Blocked by Brad Marchand.
4:36 of 3rd period - Wrist shot by Jussi Jokinen.
4:36 of 3rd period - Stopped by Tuukka Rask with a rebound.
5:12 of 3rd period - Dmitry Orlov is hit by Kevan Miller and loses puck.
7:32 of 3rd period - Alex Ovechkin is hit by Ryan O'Reilly and loses puck.
8:36 of 3rd period - Icing by Jakub Vrana.
8:37 of 3rd period - Riley Nash wins face-off versus Ryan Carpenter in Washington Capitals zone.
8:46 of 3rd period - Brandon Carlo is hit by Dmitry Orlov and loses puck.
9:22 of 3rd period - Riley Nash is hit by Jordie Benn and loses puck.
9:52 of 3rd period - Derek MacKenzie is hit by Dmitry Orlov and loses puck.
10:08 of 3rd period - Icing by Dmitry Orlov.
10:09 of 3rd period - Evgeny Kuznetsov wins face-off versus Ryan O'Reilly in Washington Capitals zone.
10:09 of 3rd period - Evgeny Kuznetsov is hit by Joe Pavelski.
10:15 of 3rd period - Joe Pavelski is hit by Madison Bowey and loses puck.
10:37 of 3rd period - Snap shot by Evgeny Kuznetsov.
10:37 of 3rd period - Shot Blocked by Brandon Carlo.
10:47 of 3rd period - Wrist shot by Evgeny Kuznetsov.
10:47 of 3rd period - Stopped by Tuukka Rask without a rebound.
10:48 of 3rd period - Brad Marchand wins face-off versus Nicklas Backstrom in Boston Bruins zone.
10:55 of 3rd period - Slapshot by Brad Marchand.
10:55 of 3rd period - Goal by Brad Marchand - Washington Capitals : 0 - Boston Bruins : 1.
10:56 of 3rd period - Zach Parise wins face-off versus Tyler Seguin in neutral zone.
11:03 of 3rd period - Jason Demers is hit by Brad Marchand and loses puck.
11:14 of 3rd period - David Pastrnak is hit by T.J. Oshie and loses puck.
11:29 of 3rd period - Snap shot by Ryan Spooner.
11:29 of 3rd period - Shot Misses the Net.
11:31 of 3rd period - Snap shot by Ryan Donato.
11:31 of 3rd period - Stopped by Braden Holtby without a rebound.
11:32 of 3rd period - Evgeny Kuznetsov wins face-off versus Riley Nash in Washington Capitals zone.
11:37 of 3rd period - Wrist shot by Evgeny Kuznetsov.
11:37 of 3rd period - Goal by Evgeny Kuznetsov - Washington Capitals : 1 - Boston Bruins : 1.
11:38 of 3rd period - Tyler Seguin wins face-off versus Nicklas Backstrom in neutral zone.
11:43 of 3rd period - Backhand shot by David Pastrnak.
11:43 of 3rd period - Deflect By Brad Marchand.
11:43 of 3rd period - Shot Misses the Net.
11:43 of 3rd period - Puck is out of play.
11:44 of 3rd period - Tyler Seguin wins face-off versus Nicklas Backstrom in Washington Capitals zone.
11:45 of 3rd period - Backhand shot by David Pastrnak.
11:45 of 3rd period - Stopped by Braden Holtby with a rebound.
11:47 of 3rd period - Slapshot by Brad Marchand.
11:47 of 3rd period - Shot Misses the Net.
11:49 of 3rd period - Slapshot by Kevan Miller.
11:49 of 3rd period - Shot Misses the Net.
11:51 of 3rd period - Wrist shot by Tyler Seguin.
11:51 of 3rd period - Stopped by Braden Holtby with a rebound.
11:53 of 3rd period - Snap shot by Tyler Seguin.
11:53 of 3rd period - Stopped by Braden Holtby without a rebound.
11:54 of 3rd period - Nicklas Backstrom wins face-off versus Brad Marchand in Washington Capitals zone.
11:54 of 3rd period - Nicklas Backstrom is hit by David Pastrnak.
12:01 of 3rd period - Snap shot by Jordie Benn.
12:01 of 3rd period - Stopped by Tuukka Rask with a rebound.
12:03 of 3rd period - Slapshot by Matt Niskanen.
12:03 of 3rd period - Shot Misses the Net.
12:42 of 3rd period - Snap shot by Derek MacKenzie.
12:42 of 3rd period - Stopped by Braden Holtby without a rebound.
12:43 of 3rd period - Jay Beagle wins face-off versus Derek MacKenzie in Washington Capitals zone.
13:05 of 3rd period - Icing by Jason Demers.
13:06 of 3rd period - Jay Beagle wins face-off versus Ryan O'Reilly in Washington Capitals zone.
13:06 of 3rd period - Jay Beagle is hit by Joe Pavelski.
13:12 of 3rd period - Slapshot by Nicklas Backstrom.
13:12 of 3rd period - Stopped by Tuukka Rask with a rebound.
13:20 of 3rd period - Jason Demers is hit by Ryan O'Reilly and loses puck.
13:39 of 3rd period - Slapshot by Nicklas Backstrom.
13:39 of 3rd period - Shot Blocked by Kevan Miller.
13:41 of 3rd period - Wrist shot by Nicklas Backstrom.
13:41 of 3rd period - Stopped by Tuukka Rask with a rebound.
13:47 of 3rd period - Wrist shot by T.J. Oshie.
13:47 of 3rd period - Shot Misses the Net.
13:49 of 3rd period - Snap shot by T.J. Oshie.
13:49 of 3rd period - Stopped by Tuukka Rask without a rebound.
13:50 of 3rd period - Tyler Seguin wins face-off versus Evgeny Kuznetsov in Boston Bruins zone.
14:15 of 3rd period - Joe Pavelski is hit by Jay Beagle and loses puck.
15:50 of 3rd period - Icing by Niklas Hjalmarsson.
15:51 of 3rd period - Ryan O'Reilly wins face-off versus Ryan Carpenter in Boston Bruins zone.
15:59 of 3rd period - Icing by Jason Demers.
16:00 of 3rd period - Ryan Carpenter wins face-off versus Tyler Seguin in Washington Capitals zone.
16:08 of 3rd period - Snap shot by David Pastrnak.
16:08 of 3rd period - Shot Blocked by Jason Demers.
16:10 of 3rd period - Slapshot by Kevan Miller.
16:10 of 3rd period - Stopped by Braden Holtby without a rebound.
16:11 of 3rd period - Jay Beagle wins face-off versus Tyler Seguin in Washington Capitals zone.
16:36 of 3rd period - Jason Demers is hit by Charlie McAvoy and loses puck.
16:51 of 3rd period - Snap shot by Justin Williams.
16:51 of 3rd period - Stopped by Tuukka Rask with a rebound.
17:01 of 3rd period - Wrist shot by Ryan O'Reilly.
17:01 of 3rd period - Stopped by Braden Holtby with a rebound.
17:37 of 3rd period - Snap shot by Ryan O'Reilly.
17:37 of 3rd period - Stopped by Braden Holtby without a rebound.
17:38 of 3rd period - Evgeny Kuznetsov wins face-off versus Ryan O'Reilly in Washington Capitals zone.
17:43 of 3rd period - Jonathan Marchessault is hit by Patrick Marleau and loses puck.
17:54 of 3rd period - Wrist shot by Alex Ovechkin.
17:54 of 3rd period - Shot Misses the Net.
17:56 of 3rd period - Snap shot by Patrick Marleau.
17:56 of 3rd period - Stopped by Tuukka Rask without a rebound.
17:57 of 3rd period - Ryan Carpenter wins face-off versus Tim Schaller in Boston Bruins zone.
18:22 of 3rd period - Riley Nash is hit by Alex Ovechkin and loses puck.
18:31 of 3rd period - Ryan Donato is hit by Jordie Benn and loses puck.
18:50 of 3rd period - Snap shot by Brad Marchand.
18:50 of 3rd period - Stopped by Braden Holtby without a rebound.
18:51 of 3rd period - Jay Beagle wins face-off versus Tyler Seguin in Washington Capitals zone.
18:56 of 3rd period - Tyler Seguin is hit by Justin Williams and loses puck.
19:34 of 3rd period - Icing by Ryan Spooner.
19:35 of 3rd period - Ryan Spooner wins face-off versus Nicklas Backstrom in Boston Bruins zone.
19:52 of 3rd period - David Pastrnak is hit by John Carlson and loses puck.
Goals for this period are 1 for Washington Capitals vs 1 for Boston Bruins.
Shots for this period are 14 for Washington Capitals vs 16 for Boston Bruins.

Overtime #1


0:01 of 1st overtime period - Tyler Seguin wins face-off versus Nicklas Backstrom in neutral zone.
0:06 of 1st overtime period - Snap shot by Tyler Seguin.
0:06 of 1st overtime period - Stopped by Braden Holtby with a rebound.
0:37 of 1st overtime period - Wrist shot by Zach Parise.
0:37 of 1st overtime period - Deflect By Evgeny Kuznetsov.
0:37 of 1st overtime period - Stopped by Tuukka Rask with a rebound.
1:10 of 1st overtime period - Snap shot by David Pastrnak.
1:10 of 1st overtime period - Shot Blocked by Jason Demers.
1:54 of 1st overtime period - Ryan O'Reilly is hit by Evgeny Kuznetsov and loses puck.
2:45 of 1st overtime period - Alex Ovechkin is hit by Torey Krug and loses puck.
3:44 of 1st overtime period - Justin Williams is hit by Charlie McAvoy and loses puck.
4:50 of 1st overtime period - Zach Parise is hit by Charlie McAvoy and loses puck.
Goals for this period are 0 for Washington Capitals vs 0 for Boston Bruins.
Shots for this period are 1 for Washington Capitals vs 1 for Boston Bruins.

ShootOut


5:00 of 1st overtime period - Round #1.
5:00 of 1st overtime period - Washington Capitals, Alex Ovechkin.
5:00 of 1st overtime period - Wrist shot by Alex Ovechkin.
5:00 of 1st overtime period - Stopped by Tuukka Rask.
5:00 of 1st overtime period - Boston Bruins, Riley Nash.
5:00 of 1st overtime period - Deke by Riley Nash.
5:00 of 1st overtime period - Stopped by Braden Holtby.
5:00 of 1st overtime period - Round #2.
5:00 of 1st overtime period - Washington Capitals, Justin Williams.
5:00 of 1st overtime period - Deke by Justin Williams.
5:00 of 1st overtime period - Shot Misses the Net.
5:00 of 1st overtime period - Boston Bruins, Tyler Seguin.
5:00 of 1st overtime period - Backhand shot by Tyler Seguin.
5:00 of 1st overtime period - Goal by Tyler Seguin.
5:00 of 1st overtime period - Round #3.
5:00 of 1st overtime period - Washington Capitals, Evgeny Kuznetsov.
5:00 of 1st overtime period - Wrist shot by Evgeny Kuznetsov.
5:00 of 1st overtime period - Shot Misses the Net.